 Dungeon Crawl Stone Soup version 0.20.0-10-g0535bb4 (webtiles) character file.

191 nikopol the Covered (level 5, 0/33 HPs)
             Began as a Gargoyle Fighter on June 5, 2017.
             Slain by an ogre
             ... wielding a +0 giant club
              (17 damage)
             ... on level 4 of the Dungeon.
             The game lasted 00:06:58 (2609 turns).

nikopol the Covered (Gargoyle Fighter)              Turns: 2609, Time: 00:06:59

Health: 0/33       AC: 12    Str: 20    XL:     5   Next: 70%
Magic:  5/5        EV:  7    Int:  9    God:
Gold:   122        SH:  9    Dex:  9    Spells: 4/4 levels left

rFire    + . .     SeeInvis .   a - +0 war axe
rCold    + . .     Gourm    .   c - +0 shield
rNeg     + . .     Faith    .   b - +0 scale mail
rPois    ∞         Spirit   .   (no helmet)
rElec    +         Reflect  .   o - scarf {rC+ rF+}
rCorr    .         Harm     .   q - +0 pair of gloves
MR       .....                  (no boots)
Stlth    ..........             (no amulet)
Regen    0.2/turn               (no ring)
MPRegen  0.1/turn               (no ring)

@: no status effects
A: negative energy resistance 1, electricity resistance, unbreathing,
petrification resistance, rot immunity, AC +4
a: no special abilities


You were on level 4 of the Dungeon.
You were not hungry.

You visited 1 branch of the dungeon, and saw 4 of its levels.

You collected 122 gold pieces.

Inventory:

Hand Weapons
 a - a +0 war axe (weapon)
Armour
 b - a +0 scale mail (worn)
 c - a +0 shield (worn)
 o - a scarf of resistance (worn)
 q - a +0 pair of gloves (worn)
Jewellery
 m - an uncursed amulet of magic regeneration {unknown}
 t - an uncursed ring of fire {unknown}
Scrolls
 e - 3 scrolls of identify {unknown}
 j - 2 scrolls of teleportation {unknown}
 k - a scroll of fear {unknown}
 l - a scroll of noise {unknown}
 n - a scroll of remove curse {unknown}
 p - a scroll of enchant armour {unknown}
 y - a scroll of fog {unknown}
Potions
 d - 2 potions of might
 h - a potion of mutation {unknown}
 i - 2 potions of curing {unknown}
 u - a potion of flight {unknown}
 v - a potion of brilliance {unknown}
 w - a potion of lignification {unknown}
 x - a potion of invisibility {unknown}
 z - a potion of haste {unknown}
Comestibles
 f - 5 bread rations
 g - a royal jelly
 r - 7 fruits


   Skills:
 + Level 4.1 Fighting
 + Level 3.5 Axes
 + Level 4.2 Armour
 + Level 0.2 Dodging
 + Level 4.1 Shields


You had 4 spell levels left.
You didn't know any spells.

Dungeon Overview and Level Annotations

Branches:
Dungeon (4/15)
 Temple: D:4-7

Altars:
Cheibriados
Hepliaklqana
Kikubaaqudgha
Makhleb
Ru
Sif Muna
Zin

Annotations:
D:2 Sigmund


Innate Abilities, Weirdness & Mutations

You are resistant to torment.
Your stone body is resilient. (AC +4)
You are immune to poison.
You resist negative energy. (rN+)
You are resistant to electric shocks. (rElec)
You can survive without breathing.
You are immune to petrification.
You are immune to rotting.


Message History

Done exploring.
(D) Dungeon
Where to? (Enter - D:3, ? - help)
There is a stone staircase leading down here.
You climb downwards.
There is a stone staircase leading up here.
An ogre comes into view. It is wielding a giant club.
The ogre shouts!
You barely miss the ogre. The ogre barely misses you.
You hit the ogre.
The ogre is lightly wounded.
The ogre misses you.
You slash the ogre!
The ogre is heavily wounded.
The ogre hits you with a giant club!
You hit the ogre.
The ogre is severely wounded.
The ogre hits you with a giant club!
Ouch! That really hurt!
You die...

########
#......#
#......#
########
#......#
#..<...#
#.....O#
#.####.....
#.....@#####.#
###
#............#
###.#?..######
# ##..# #...
..##. #### ##


You could see an ogre.

Vanquished Creatures
  Jessica (D:2)
  A worker ant (D:3)
  3 gnolls (D:2)
  3 adders (D:2)
  A worm (D:3)
  7 dart slugs
  2 leopard geckos
  3 giant cockroaches
  9 goblins
  9 hobgoblins
  9 jackals
  8 bats
  3 frilled lizards
  4 kobolds
  6 rats
69 creatures vanquished.

Notes
Turn   | Place    | Note
-------+----------+-------------------------------------------
     0 | D:1      | nikopol the Gargoyle Fighter began the quest for the Orb.
     0 | D:1      | Reached XP level 1. HP: 14/14 MP: 1/1
   183 | D:1      | Reached XP level 2. HP: 18/19 MP: 2/2
   359 | D:1      | Reached XP level 3. HP: 23/23 MP: 3/3
   873 | D:2      | Found a glowing silver altar of Zin.
   874 | D:2      | Noticed Sigmund
   915 | D:2      | Reached XP level 4. HP: 25/29 MP: 4/4
  1265 | D:2      | Noticed Jessica
  1272 | D:2      | Killed Jessica
  1318 | D:2      | Reached XP level 5. HP: 32/33 MP: 5/5
  2033 | D:3      | Found a snail-covered altar of Cheibriados.
  2040 | D:3      | Found a hazy altar of Hepliaklqana.
  2040 | D:3      | Found a burning altar of Makhleb.
  2041 | D:3      | Found an ancient bone altar of Kikubaaqudgha.
  2386 | D:3      | Found a sacrificial altar of Ru.
  2387 | D:3      | Found a deep blue altar of Sif Muna.
  2603 | D:4      | Noticed an ogre
  2609 | D:4      | Slain by an ogre

Skill      XL: |  1  2  3  4 |
---------------+-------------+-----
Axes           | 2 3 |  3.5
Fighting       | 4 |  4.1
Armour         | 4 |  4.2
Shields        | 4 |  4.1
Dodging        | |  0.2

Action                   |  1- 3 |  4- 6 || total
-------------------------+-------+-------++-------
Melee: War axe           |   110 |   125 ||   235
  Eat: Chunk             |       |     6 ||     6
Armor: Scale mail        |    82 |    51 ||   133
Dodge: Dodged            |    36 |    44 ||    80
Block: Shield            |    76 |    63 ||   139
